 Dungeon Crawl Stone Soup version 0.28-a0-533-g9f97627e2a (webtiles) character file.

Game seed: 3340097456370700013

84063 Sabo the Severer (level 15, -8/129 HPs)
             Began as a Naga Berserker on Sept 22, 2021.
             Was a High Priest of Trog.
             Mangled by a hell beast (14 damage)
             ... summoned by Geryon
             ... in the Vestibule of Hell on Sept 25, 2021.
             The game lasted 03:00:43 (30183 turns).

Sabo the Severer (Naga Berserker)                  Turns: 30183, Time: 03:00:43

Health: -8/129     AC: 20    Str: 26    XL:     15   Next: 79%
Magic:  0/25       EV: 16    Int: 12    God:    Trog [*****.]
Gold:   2416       SH: 10    Dex: 18    Spells: 14/14 levels left

rFire   . . .      SeeInvis +   k - +6 war axe (elec)
rCold   + . .      Faith    .   G - +0 kite shield
rNeg    . . .      Spirit   +   M - +5 ring mail {rC+}
rPois   +          Reflect  .   u - +3 hat of Pondering {ponderous, Will+ MP+10 Int+5}
rElec   .          Harm     .   y - +0 cloak
rCorr   +          Rampage  .   N - +0 pair of fencer's gloves {Riposte Dex+3}
Will    ++...                   (no barding)
Stlth   ++++......              p - amulet of guardian spirit
HPRegen 0.31/turn               P - +4 ring of slaying
MPRegen 0.19/turn               T - ring "Qecw" {rCorr EV+4 Dex+2}

@: mighty, very slow
A: AC +5, large, see invisible, deformed body, poison resistance, slowness 2,
spit poison 1, naga tail 2, stinger 1, frail 1, passive freeze, strong 1, wild
magic 1
a: Spit Poison, Renounce Religion, Berserk, Trog's Hand, Brothers in Arms


You were in the Vestibule of Hell.
You worshipped Trog.
Trog was extremely pleased with you.
You visited 4 branches of the dungeon, and saw 19 of its levels.
You also visited: Sewer and Volcano.

You collected 3016 gold pieces.
You spent 600 gold pieces at shops.

Inventory:

Hand Weapons
 k - a +6 war axe of electrocution (weapon)
 r - a +2 broad axe of flaming
 x - a +3 longbow of flaming
 B - a +2 glaive of freezing
 D - a +5 mace
 L - a +0 arbalest of flaming
Missiles
 a - 298 arrows
 g - 154 sling bullets
 w - 105 bolts
Armour
 u - the +3 hat of Pondering (worn) {ponderous, Will+ MP+10 Int+5}
   (You took it off Gastronok on level 8 of the Dungeon)

   Int:       It affects your intelligence (+5).
   MP:        It affects your magic capacity (+10).
   Will:      It increases your willpower.
 y - a +0 cloak (worn)
 G - a +0 kite shield (worn)
 M - a +5 ring mail of cold resistance (worn)
 N - the +0 pair of fencer's gloves (worn) {Riposte Dex+3}
   (You bought it in a shop on level 10 of the Dungeon)

   It allows the wearer to riposte with melee weapons, swiftly retaliating
   against missed attacks.
   Dex:       It affects your dexterity (+3).
 R - a +3 scale mail of fire resistance
Jewellery
 j - a ring of ice
 p - an amulet of guardian spirit (around neck)
 s - a ring of fire
 P - a +4 ring of slaying (left hand)
 T - the ring "Qecw" (right hand) {rCorr EV+4 Dex+2}
   (You found it on level 6 of the Lair of Beasts)

   [ring of evasion]

   EV:        It affects your evasion (+4).
   Dex:       It affects your dexterity (+2).
   rCorr:     It protects you from acid and corrosion.
Wands
 z - a wand of paralysis (17)
 A - a wand of digging (6)
 F - a wand of iceblast (33)
Scrolls
 c - 5 scrolls of identify
 i - 4 scrolls of teleportation
 l - a scroll of brand weapon
 o - 2 scrolls of fear
 E - 3 scrolls of magic mapping
 J - 2 scrolls of blinking
 K - 2 scrolls of holy word
Potions
 b - 9 potions of might
 d - 3 potions of resistance
 e - 9 potions of curing
 m - a potion of heal wounds
 q - 2 potions of mutation
 t - 3 potions of haste
 v - 2 potions of cancellation
 I - a potion of magic
 Q - a potion of flight
Miscellaneous
 f - a condenser vane
 n - a condenser vane
 C - a piece from Xom's chessboard (15/15)
 H - a phantom mirror (inert)


   Skills:
 + Level 11.6 Fighting
 + Level 4.9 Short Blades
 + Level 16.0 Axes
 + Level 0.8 Crossbows
 * Level 10.8 Throwing
 + Level 8.0 Armour
 + Level 7.5 Dodging
 + Level 9.5 Stealth
 + Level 6.0 Shields


You had 14 spell levels left.
You didn't know any spells.
Your spell library was empty.

Dungeon Overview and Level Annotations

Branches:
Dungeon (11/15)            Temple (0/1) D:6            Lair (6/6) D:11
 Shoals (1/4) Lair:2       Spider (0/4) Lair:4        Slime (0/5) Lair:5
   Hell (1/1)               Sewer (visited)         Volcano (visited)
    Orc: D:9-12         Dis: Hell:1         Geh: Hell:1         Coc: Hell:1
    Tar: Hell:1

Altars:
Ashenzari
Fedhas
Kikubaaqudgha
Makhleb
Nemelex Xobeh
Qazlal
Ru
The Shining One
Jiyva
Lugonu

Shops:
D:1 *=   D:2 =   D:10 [

Portals:
Hell: Lair:6
Abyss: Shoals:1

Annotations:
Shoals:1 1 runed translucent door
Hell Geryon


Innate Abilities, Weirdness & Mutations

Your serpentine skin is tough. (AC +5)
You have supernaturally acute eyesight. (SInv)
Armour fits poorly on your strangely shaped body.
Your system is resistant to poisons. (rPois)
You cover ground very slowly.
You can spit poison.
You can use your snake-like lower body to constrict enemies.
Your tail ends in a poisonous barb.
You are frail. (-10% HP)
A frigid envelope surrounds you and freezes all who hurt you.
Your muscles are strong. (Str +2)
Your spells are a little harder to cast, but a little more powerful.


Message History

The hell beast is severely wounded.
The smoke demon is lost in a daze.
You feel much better.
You constrict the hell beast.
The hell beast is lost in a daze.
The hell beast bites you!
* * * LOW HITPOINT WARNING * * *
The hell beast is very cold.
The hell beast is almost dead.
The hell beast tramples you but does no damage.
The hell beast is very cold.
You kill the hell beast!
The hell beast disappears in a puff of smoke!
The hell beast growls, "Bolt whilst life thou hast!"
You block the hell beast's attack. The hell beast barely misses you.
Geryon closely misses you.
The hell beast is lost in a daze.
You block the hell beast's attack. x2; The hell beast barely misses you.
You riposte.
You slash the hell beast!
Lightning courses through the hell beast!
You grab the hell beast.
The hell beast is almost dead.
You slice the hell beast!!
Lightning courses through the hell beast!
You kill the hell beast!
The hell beast disappears in a puff of smoke!
You block the hell beast's attack.
Geryon tail-slaps you but does no damage.
The hell beast bites you but does no damage.
The hell beast is very cold.
The hell beast is almost dead.
The hell beast barely misses you. Geryon tail-slaps you from afar.
* * * LOW HITPOINT WARNING * * *
There is a gateway back into the Dungeon, spattered with blood here.
You release your grip on the hell beast.
You block the hell beast's attack. The hell beast tramples you!
* * * LOW HITPOINT WARNING * * *
You stumble backwards!
You stop ascending the stairs.
The smoke demon gestures at you. Something smites you!
* * * LOW HITPOINT WARNING * * *
You block the hell beast's attack. The hell beast tramples you!
You die...

.... .... .....
....3#####
.........##
......#.#&#
.......2@.#
......#.#.#
......3...#
..........3..
...............
...............
...............
...............
.....^.........


You could see Geryon (dazed), a hell beast (summoned, dazed), 2 soul eaters and
a smoke demon (dazed).

Vanquished Creatures
  Murray (Lair:6)
  Gastronok (D:8)
  2 caustic shrike zombies (Hell)
  A reaper (Lair:6)
  Nessos (Lair:6)
  The ghost of Veysay the Thaumaturge, a journeyman DjWz of Dithmenos (Lair:3)
  A fire dragon (Lair:4)
  5 hydras
  A boulder beetle (Lair:2)
  A merfolk avatar (Shoals:1)
  11 death yaks
  2 two-headed ogres
  2 hell hogs (Lair:6)
  2 skeletal warriors (Volcano)
  2 sun demons
  A soul eater (Lair:6)
  The ghost of porpoise the Thaumaturge, a novice DECj of Vehumet (D:10)
  A sixfirhy (Lair:6)
  2 sea snakes (Shoals:1)
  A wizard (Lair:6)
  Pikel (D:7)
  A phantasmal warrior (Hell)
  A deep elf pyromancer (D:8)
  2 anaconda skeletons (Volcano)
  A faun (Shoals:1)
  A spectral centaur (D:10)
  3 manticores
  A cyclops (Shoals:1)
  An ugly thing (D:9)
  An apocalypse crab (Lair:2)
  7 black mambas
  2 smoke demons
  A merfolk siren (Shoals:1)
  26 elephants
  Joseph (D:8)
  5 gargoyles (Volcano)
  2 orange demons (Lair:6)
  16 cane toads
  16 rime drakes
  3 ice devils (Lair:6)
  11 komodo dragons
  A queen bee (Lair:1)
  3 trolls (D:11)
  A wind drake (shapeshifter) (D:9)
  A red devil (Lair:6)
  A harpy zombie (Hell)
  3 jumping spiders (Lair:4)
  3 wind drakes (Lair:2)
  A hornet (D:9)
  3 blink frogs (Lair:2)
  2 harpy skeletons (Volcano)
  2 centaur simulacra (D:10)
  2 flying skulls (Volcano)
  A redback (Lair:4)
  44 yaks
  2 shadows (D:11)
  6 wyverns
  An alligator skeleton (Volcano)
  A basilisk (Lair:4)
  7 steam dragons
  Edmund (D:5)
  Duvessa (D:5)
  3 hell hounds (Lair:6)
  14 water moccasins
  5 orc warriors
  A sky beast (D:8)
  An ice beast (D:6)
  3 ogres (D:5)
  2 black bears
  40 wolves
  7 centaurs
  2 lemures (D:7)
  A phantom (D:5)
  6 kobold brigands
  Blork the orc (D:5)
  4 gnoll sergeants
  10 bullfrogs
  A water moccasin skeleton (D:5)
  Dowan (D:5)
  29 killer bees
  2 troll skeletons (Volcano)
  6 wights
  4 howler monkeys
  2 spriggan skeletons (Volcano)
  2 electric eels
  7 centaur zombies
  Crazy Yiuf (D:5)
  4 orc priests
  4 hounds
  A jelly (D:8)
  A centaur skeleton (D:4)
  A gnoll shaman (D:8)
  An iguana (D:6)
  7 orc wizards
  20 hell rats
  A killer bee zombie (D:8)
  2 naga skeletons (Volcano)
  A hound skeleton (D:4)
  10 gnolls
  2 howler monkey zombies
  11 adders
  15 river rats
  2 shadow imps (D:6)
  3 white imps
  3 ufetubi
  6 dart slugs
  41 orcs
  11 ball pythons
  8 endoplasms
  7 giant cockroaches
  6 hobgoblins
  4 jackals (D:1)
  9 quokkas
  5 bats
  2 frilled lizards
  7 goblins
  3 goblin skeletons (D:6)
  A hobgoblin zombie (D:6)
  17 kobolds
  2 kobold skeletons (D:6)
  4 orc skeletons (D:6)
  2 orc zombies (D:6)
  20 rats
629 creatures vanquished.

Vanquished Creatures (collateral kills)
  3 death yaks (Lair:6)
  A komodo dragon (Lair:6)
  A water moccasin (Lair:6)
5 creatures vanquished.

Vanquished Creatures (others)
  A bullfrog (D:8)
  30 fungi
  80 plants
111 creatures vanquished.

Grand Total: 745 creatures vanquished

Notes
Turn   | Place    | Note
-------+----------+-------------------------------------------
     0 | D:1      | Sabo the Naga Berserker began the quest for the Orb.
     0 | D:1      | Reached XP level 1. HP: 21/21 MP: 1/1
    31 | D:1      | Found Otoasoeq's Jewellery Boutique.
   358 | D:1      | Reached XP level 2. HP: 27/28 MP: 2/2
   745 | D:1      | Found Cymawor's General Store.
   776 | D:1      | Reached XP level 3. HP: 27/34 MP: 3/3
  1132 | D:1      | Reached ** piety under Trog
  1619 | D:2      | Found Wotteac's Jewellery Shoppe.
  2044 | D:2      | Reached XP level 4. HP: 44/44 MP: 4/4
  2175 | D:2      | Found a faded altar of an unknown god.
  2841 | D:3      | Reached skill level 1 in Short Blades
  2885 | D:3      | Found a sparkling altar of Nemelex Xobeh.
  3066 | D:3      | Found a stormy altar of Qazlal.
  3446 | D:4      | Reached XP level 5. HP: 47/50 MP: 5/5
  3518 | D:4      | Reached skill level 1 in Stealth
  3703 | D:4      | Found a glowing drain.
  3708 | Sewer    | Entered a sewer
  3735 | Sewer    | Noticed a kobold brigand
  3735 | Sewer    | Noticed a kobold brigand
  3747 | Sewer    | Killed a kobold brigand
  3748 | Sewer    | Reached XP level 6. HP: 34/57 MP: 3/6
  4052 | Sewer    | Reached *** piety under Trog
  4161 | Sewer    | Reached XP level 7. HP: 66/66 MP: 7/7
  5857 | D:5      | Entered Level 5 of the Dungeon
  5857 | D:5      | Noticed Duvessa
  5857 | D:5      | Noticed Dowan
  5866 | D:5      | Killed Dowan
  5866 | D:5      | Killed Duvessa
  6173 | D:5      | Reached skill level 4 in Axes
  6175 | D:5      | Reached XP level 8. HP: 52/73 MP: 5/8
  6541 | D:5      | Noticed Edmund
  6550 | D:5      | Reached skill level 5 in Fighting
  6552 | D:5      | Killed Edmund
  6870 | D:5      | Found a runed translucent door.
  6871 | D:5      | Noticed Crazy Yiuf
  6877 | D:5      | Killed Crazy Yiuf
  6920 | D:5      | Noticed Blork the orc
  6924 | D:5      | Killed Blork the orc
  6925 | D:5      | Reached skill level 5 in Axes
  7108 | D:6      | Found a glowing golden altar of the Shining One.
  7115 | D:6      | Reached **** piety under Trog
  7299 | D:6      | Found a staircase to the Ecumenical Temple.
  7341 | D:6      | Reached skill level 1 in Throwing
  7602 | D:6      | Found an ancient bone altar of Kikubaaqudgha.
  7669 | D:6      | Reached XP level 9. HP: 68/81 MP: 9/9
  7671 | D:6      | Reached skill level 6 in Axes
  7766 | D:6      | Upgraded the game from 0.28-a0-514-g0d7ab7f379 to
                  | 0.28-a0-519-gbfeecf2fc5
  8267 | D:6      | Gained mutation: A frigid envelope surrounds you and
                  | freezes all who hurt you. [potion of mutation]
  8267 | D:6      | Gained mutation: You have sharp fingernails. [potion of
                  | mutation]
  8267 | D:6      | Gained mutation: You have a pair of small antennae on your
                  | head. [potion of mutation]
  8522 | D:7      | Noticed Pikel
  8528 | D:7      | Killed Pikel
  8529 | D:7      | Reached skill level 7 in Axes
  8529 | D:7      | Reached skill level 5 in Stealth
  9745 | D:7      | Reached XP level 10. HP: 91/91 MP: 10/10
  9749 | D:7      | Reached ***** piety under Trog
 10203 | D:8      | Noticed Gastronok
 10215 | D:8      | Killed Gastronok
 10216 | D:8      | Reached skill level 8 in Axes
 10624 | D:8      | Reached skill level 1 in Shields
 10785 | D:8      | Noticed a deep elf pyromancer
 10810 | D:8      | Killed a deep elf pyromancer
 10815 | D:8      | Reached skill level 9 in Axes
 11206 | D:8      | Upgraded the game from 0.28-a0-519-gbfeecf2fc5 to
                  | 0.28-a0-529-g3bad584f25
 11323 | D:8      | Noticed a two-headed ogre
 11329 | D:8      | Killed a two-headed ogre
 11573 | D:8      | Noticed a manticore
 11582 | D:8      | Killed a manticore
 11583 | D:8      | Reached skill level 5 in Throwing
 11759 | D:8      | Found a broken altar of Ashenzari.
 11889 | D:8      | Noticed Joseph
 11899 | D:8      | Killed Joseph
 11900 | D:8      | Reached skill level 5 in Dodging
 11900 | D:8      | Reached XP level 11. HP: 100/100 MP: 11/11
 12082 | D:8      | Lost mutation: You have a pair of small antennae on your
                  | head. [potion of mutation]
 12082 | D:8      | Lost mutation: You have sharp fingernails. [potion of
                  | mutation]
 12082 | D:8      | Gained mutation: Potions are less effective at restoring
                  | your health. [potion of mutation]
 12082 | D:8      | Gained mutation: Your tail ends in a poisonous barb.
                  | [potion of mutation]
 12083 | D:8      | Lost mutation: Potions are less effective at restoring your
                  | health. [potion of mutation]
 12083 | D:8      | Gained mutation: Your muscles are strong. (Str +2) [potion
                  | of mutation]
 12083 | D:8      | Gained mutation: You are frail. (-10% HP) [potion of
                  | mutation]
 12083 | D:8      | Gained mutation: Your spells are a little harder to cast,
                  | but a little more powerful. [potion of mutation]
 12492 | D:9      | Reached skill level 10 in Axes
 12627 | D:9      | Noticed a salamander
 12763 | D:9      | Paralysed by a hornet for 1 turns
 12830 | D:9      | Noticed a cyan ugly thing
 13117 | D:9      | Killed a cyan ugly thing
 13400 | D:9      | Found a blossoming altar of Fedhas.
 13578 | D:10     | Entered Level 10 of the Dungeon
 13630 | D:10     | Received a gift from Trog
 13842 | D:10     | Noticed a two-headed ogre
 13845 | D:10     | Killed a two-headed ogre
 13846 | D:10     | Reached skill level 5 in Armour
 14134 | D:10     | Found Zownu's Armour Shoppe.
 14144 | D:10     | Bought the +0 pair of fencer's gloves {Riposte Dex+3} for
                  | 600 gold pieces
 14144 | D:10     | Found the +0 pair of fencer's gloves {Riposte Dex+3}
 14262 | D:10     | Found a sacrificial altar of Ru.
 14595 | D:10     | Found a runed translucent gate.
 14596 | D:10     | Found a runed translucent gate.
 14596 | D:10     | Found a runed translucent gate.
 14601 | D:10     | Noticed porpoise's ghost (novice DECj)
 14620 | D:10     | Killed porpoise's ghost
 14918 | D:11     | Reached skill level 11 in Axes
 15301 | D:11     | Reached XP level 12. HP: 97/99 MP: 12/12
 15313 | D:11     | Identified a scroll of acquirement
 15314 | D:11     | Acquired 592 gold pieces
 15413 | D:11     | Found a staircase to the Lair.
 15739 | Lair:1   | Entered Level 1 of the Lair of Beasts
 15982 | Lair:1   | Noticed a seven-headed hydra
 16002 | Lair:1   | Killed a nine-headed hydra
 16300 | Lair:1   | Reached skill level 12 in Axes
 17503 | Lair:2   | Received a gift from Trog
 18216 | Lair:2   | Found a staircase to the Shoals.
 18218 | Lair:2   | Noticed a boulder beetle
 18250 | Lair:2   | Killed a boulder beetle
 18394 | Lair:2   | Gained mutation: You can use your snake-like lower body to
                  | constrict enemies. [Naga growth]
 18394 | Lair:2   | Reached XP level 13. HP: 76/106 MP: 13/13
 18717 | Shoals:1 | Entered Level 1 of the Shoals
 18744 | Lair:2   | Upgraded the game from 0.28-a0-529-g3bad584f25 to
                  | 0.28-a0-533-g9f97627e2a
 19145 | Shoals:1 | Found a runed translucent door.
 19868 | Shoals:1 | Found a corrupted altar of Lugonu.
 19868 | Shoals:1 | Found a one-way gate to the infinite horrors of the Abyss.
 20048 | Lair:3   | Reached skill level 13 in Axes
 20068 | Lair:3   | Received a gift from Trog
 20317 | Lair:3   | Noticed Veysay's ghost (journeyman DjWz)
 20319 | Lair:3   | Found a runed translucent door.
 21156 | Lair:3   | Killed Veysay's ghost
 21988 | Lair:4   | Found a hole to the Spider Nest.
 22769 | Lair:4   | Noticed a fire dragon
 22780 | Lair:4   | Killed a fire dragon
 23284 | Lair:5   | Reached XP level 14. HP: 117/117 MP: 14/14
 23338 | Lair:5   | Reached skill level 14 in Axes
 23724 | Lair:5   | Reached ****** piety under Trog
 23725 | Lair:5   | Reached skill level 10 in Fighting
 23752 | Lair:5   | You fall into a shaft and drop 1 floor!
 23752 | Lair:6   | Entered Level 6 of the Lair of Beasts
 23843 | Lair:6   | Found a dark tunnel.
 23868 | Lair:6   | Received a gift from Trog
 23919 | Volcano  | Entered a volcano
 24029 | Volcano  | Reached skill level 5 in Shields
 25137 | Lair:6   | Reached skill level 15 in Axes
 25149 | Lair:6   | Found a burning altar of Makhleb.
 25202 | Lair:6   | Reached skill level 10 in Throwing
 25207 | Lair:6   | Reached XP level 15. HP: 63/126 MP: 7/15
 25524 | Lair:6   | Found a gateway to Hell.
 25531 | Lair:6   | Identified the ring "Qecw" {rCorr EV+4 Dex+2}
 25534 | Hell     | Entered the Vestibule of Hell
 25873 | Lair:6   | Received a gift from Trog
 26650 | Lair:6   | Noticed Nessos
 26663 | Lair:6   | Killed Nessos
 27101 | Lair:5   | Found a viscous altar of Jiyva.
 27101 | Lair:5   | Found a staircase to the Slime Pits.
 28032 | Hell     | Noticed Murray
 28334 | Hell     | Noticed Geryon
 28341 | Lair:6   | HP: 3/127 [Murray (11)]
 28346 | Lair:6   | HP: 5/127 [Murray (8)]
 28347 | Lair:6   | HP: 2/127 [Murray (5)]
 28672 | Lair:6   | Killed Murray
 29524 | Lair:6   | Reached skill level 16 in Axes
 30180 | Hell     | HP: 4/129 [Geryon (5)]
 30183 | Hell     | Mangled by a hell beast

Illustrated notes

Levels and vault maps discovered:
D:1:      scummos_arrival_star, layout_rooms, serial_shops, shop, shop
D:2:      layout_basic, ebering_ecumenical_altar_webs, serial_shops,
          nicolae_shop_waterfront
D:3:      layout_loops_cross, mainiacjoe_overflow_alcove_1,
          amcnicky_altar_gilded
D:4:      layout_layer_cave, gup_sewer_entry_bowl
D:5:      layout_cave_pools, hangedman_abyss_or_decor_stabs, uniq_edmund,
          uniq_duvessa, uniq_crazy_yiuf_cottage, uniq_blork_the_orc
D:6:      cheibrodos_helix_gallery, layout_basic, nicolae_tso_besieged_by_evil,
          mainiacjoe_overflow_brackets, minmay_temple_entry_statues_fountains,
          hangedman_abyss_or_decor_passed
D:7:      layout_gridville, minivault_22, hangedman_decor_growths, uniq_pikel
D:8:      layout_loops_ring, old_standard_altar, supply_closet_lemuel,
          minmay_joined_circles, uniq_joseph, uniq_gastronok
D:9:      layout_cave_pools, marbit_many_paths, kennysheep_path_1,
          hangedman_corner_corridor
D:10:     layout_cave_pools, mainiacjoe_overflow_24_doors, special_room
          [special_room_orc], gammafunk_ghost_necromancy, serial_shops,
          nicolae_shop_waterfront
D:11:     layout_rooms, lair_entry_dummy, serial_corexii_hall,
          chequers_hall_statues_corner_a, corexii_hall_statues_t,
          corexii_hall_statues_l, kennysheep_generic_room_7
Lair:1:   layout_roguey, special_room [special_room_bee], lemuel_fruit_fields,
          grunt_megastairs_5, lemuel_fruit_tree, infiniplex_staircase_pool_2,
          serial_bayou_shore_b
Lair:2:   lemuel_ratsnest, layout_cave_shapes, minmay_shoals_entry_beasts
Lair:3:   layout_small_grid, hellmonk_ghost_happy_afterlife,
          grunt_forest_large_clearings
Lair:4:   layout_regular_city, spider_nest_entry_a, minmay_holes,
          bobbens_dragon_lair_wall
Lair:5:   beast_lair_carwin_large_2, layout_loops_ring,
          dpeg_slime_entry_enclosed_altar
Lair:6:   evil_forest, layout_long_grid, enter_volcano_1,
          chequers_serial_rivers_room_a, serial_bayou_lagoon_a, uniq_nessos
Shoals:1: layout_shoals, nicolae_shoals_abyss_on_the_beach
Hell

Skill      XL: |  1  2  3  4  5  6  7  8  9 10 11 12 13 14 15 |
---------------+----------------------------------------------+-----
Dodging        | 2 3 4 5 6 7 |  7.5
Short Blades   | 1 2 4 |  4.9
Stealth        | 2 3 4 5 6 7 8 9 |  9.5
Armour         | 2 3 4 5 6 7 8 |  8.0
Fighting       | 4 5 6 7 8 9 10 11 | 11.6
Axes           | 4 5 7 9 11 12 13 15 16 | 16.0
Throwing       | 1 3 5 6 7 8 10 | 10.8
Shields        | 1 2 3 4 5 6 |  6.0
Crossbows      | |  0.8

Action                   |  1- 3 |  4- 6 |  7- 9 | 10-12 | 13-15 || total
-------------------------+-------+-------+-------+-------+-------++-------
Melee: Hand axe          |    69 |       |       |       |       ||    69
       Short sword       |    43 |   168 |    60 |       |       ||   271
       War axe           |       |       |   114 |   417 |   584 ||  1115
       Constrict         |       |       |       |       |   150 ||   150
 Fire: Hand crossbow     |       |       |       |     3 |       ||     3
Invok: Berserk           |     2 |     2 |     3 |     4 |     7 ||    18
       Trog's Hand       |       |       |       |       |     1 ||     1
 Abil: Spit Poison       |    14 |    19 |    21 |     6 |     2 ||    62
Evoke: Wand              |       |       |       |       |     2 ||     2
       Condenser vane    |       |       |       |       |     1 ||     1
       Phantom mirror    |       |       |       |       |     1 ||     1
  Use: Potion            |     1 |     1 |     2 |     2 |    12 ||    18
       Scroll            |       |       |    14 |    12 |    10 ||    36
 Stab: Sleeping          |       |       |     3 |     6 |     4 ||    13
       Distracted        |       |       |     1 |     2 |       ||     3
Armor: Animal skin       |    27 |       |       |       |       ||    27
       Leather armour    |    14 |    69 |   108 |    29 |       ||   220
       Ring mail         |       |     4 |       |   224 |   292 ||   520
       Steam dragon scal |       |       |       |     6 |       ||     6
Dodge: Dodged            |    61 |    82 |   117 |   215 |   297 ||   772
Block: Buckler           |       |       |    24 |    13 |       ||    37
       Kite shield       |       |       |       |   126 |   311 ||   437
       Rpst.: War axe    |       |       |       |    36 |    71 ||   107

Table legend: (Time is in decaauts)
 A = Elapsed time spent in this place.
 B = Non-inter-level travel time spent in this place.
 C = Inter-level travel time spent in this place.
 D = Time resting spent in this place.
 E = Time spent auto-exploring this place.
 F = Levels seen in this place.
 G = Mean time per level.
                   A        B        C        D        E       F      G
               +--------+--------+--------+--------+--------+-----+--------+
         Total |  37893 |  37893 |      0 |  12033 |      0 |  21 | 1804.4 |
       Dungeon |  18897 |  18897 |      0 |   5059 |      0 |  11 | 1717.9 |
          Lair |  16855 |  16855 |      0 |   6406 |      0 |   6 | 2809.2 |
        Shoals |    459 |    459 |      0 |     98 |      0 |   1 |  459.0 |
          Hell |     51 |     51 |      0 |      0 |      0 |   1 |   51.0 |
         Sewer |   1018 |   1018 |      0 |    402 |      0 |   1 | 1018.0 |
       Volcano |    612 |    612 |      0 |     66 |      0 |   1 |  612.0 |
               +--------+--------+--------+--------+--------+-----+--------+

Top non-repeatable levels by time:
  Lair:6: 5880 daAuts
  Lair:2: 2614 daAuts
     D:8: 2597 daAuts
  Lair:4: 2443 daAuts
  Lair:1: 2213 daAuts
     D:4: 2168 daAuts
     D:7: 2067 daAuts
     D:9: 1963 daAuts
  Lair:3: 1928 daAuts
     D:1: 1811 daAuts
  Lair:5: 1776 daAuts
    D:10: 1564 daAuts
     D:6: 1526 daAuts
     D:5: 1517 daAuts
     D:2: 1245 daAuts
